 Dungeon Crawl Stone Soup version 0.17-a0-1176-g3d5a0d0 (webtiles) character file.

133 Gorice the Cutter (level 5, -4/45 HPs)
             Began as a Tengu Wanderer on May 30, 2015.
             Killed by divine providence
             ... invoked by an orc priest
              (14 damage)
             ... on level 3 of the Dungeon.
             The game lasted 00:12:29 (2328 turns).

Gorice the Cutter (Tengu Wanderer)                  Turns: 2328, Time: 00:12:29

Health: -4/45      AC:  8    Str: 20    XL:     5   Next: 16%
Magic:  6/6        EV: 10    Int: 13    God:
Gold:   145        SH:  0    Dex: 11    Spells: 0 memorised, 4 levels left

rFire  + . .     SeeInvis .     a - +2 dagger (speed)
rCold  . . .     Clarity  .     l - +2 scale mail {rF+}
rNeg   . . .     SustAt   .     (no shield)
rPois  .         Gourm    .     (helmet restricted)
rElec  .         Spirit   .     (no cloak)
rCorr  .         Warding  .     (no gloves)
rMut   .         Stasis   .     (boots unavailable)
MR     .....                    (no amulet)
Stlth  ..........               (no ring)
                                (no ring)

@: berserking, very quick, not resistant to hostile enchantments, extremely
unstealthy
A: beak, talons 3, able to fly 1
a: Fly


You were on level 3 of the Dungeon.
You were not hungry.

You visited 1 branch of the dungeon, and saw 3 of its levels.

You collected 145 gold pieces.

Inventory:

Hand weapons
 a - a +2 dagger of speed (weapon)
   (You found it on level 3 of the Dungeon)
 b - a +0 hunting sling of velocity
   (You found it on level 1 of the Dungeon)
 c - a +0 short sword
 k - a +3 dagger
 w - a +0 spear
Missiles
 i - 12 arrows of flame
 o - 34 bolts
 p - 72 arrows
 t - 3 javelins (quivered)
 Z - 134 stones
Armour
 l - a +2 scale mail of fire resistance (worn)
   (You found it on level 2 of the Dungeon)
Scrolls
 m - a scroll of enchant weapon
Potions
 d - a potion of lignification {!q}
 e - a potion of heal wounds {unknown}
 j - a potion of curing
 n - a potion of brilliance {!q}
 q - a potion of might {unknown}
 r - a potion of magic {unknown}
Comestibles
 f - a bread ration {!e}
 g - 3 chunks of flesh
 h - 3 meat rations {!e}
 s - a royal jelly
 x - 5 fruits


   Skills:
 - Level 2.0 Fighting
 * Level 5.1 Short Blades
 - Level 2.1 Dodging
 - Level 3.0 Stealth
   Level 1.0 Shields
 - Level 2.1 Unarmed Combat


You had 4 spell levels left.
You didn't know any spells.

Dungeon Overview and Level Annotations

Branches:
Dungeon (3/15)

Altars:
Elyvilon
Kikubaaqudgha
Sif Muna
Trog


Innate Abilities, Weirdness & Mutations

You have a beak for a mouth.
You have claws for feet.
You can fly.


Message History

Your peck misses the adder.
The adder is severely wounded.
The adder closely misses you.
You hit the adder.
The adder is almost dead.
Your scale mail prevents you from hitting the adder.
The adder is almost dead.
The adder bites you but does no damage.
You hit the adder.
You kill the adder!
Your Short Blades skill increases to level 5!
Things that are here:
an adder corpse; a rat corpse
Things that are here:
an adder corpse; a rat corpse Butcher a rat corpse? [(y)es/(c)hop/(n)o/(a)ll/(q)uit/?]
You butcher the rat corpse.
You butcher the adder corpse.
g - 3 chunks of flesh (gained 2);
g - 4 chunks of flesh (gained 1)
You see here an adder skeleton.
Unknown command.
An orc and an orc priest come into view.
The orc shouts!
The orc priest shouts!
An orc comes into view. It is wielding a hand axe.
There is an open door here.
You see here an adder skeleton.
The orc priest mumbles some strange prayers to Beogh against you.
Something smites you!
Damage: 9 (max 9)
You start resting.
Eating one of 4 chunks of flesh.
This raw flesh tastes terrible.
You continue eating. x2
The orc priest mumbles some strange prayers to Beogh against you.
Something smites you!
Damage: 11 (max 11) Drink which item? (? for menu, Esc to quit)
You feel better. The orc hits you with a morningstar!
* * * LOW HITPOINT WARNING * * *
Damage: 3 (max 11) Drink which item? (? for menu, Esc to quit)
A red film seems to cover your vision as you go berserk!
You feel yourself moving faster!
You feel mighty! The orc hits you but does no damage.
You closely miss the orc. You claw the orc! Your peck misses the orc.
The orc is almost dead.
You closely miss the orc. Your kick misses the orc. You peck the orc.
You kill the orc!
The orc priest calls down the wrath of Beogh upon you.
Something smites you!
You die...

.# #.# .#
#.# .#
#########.#
.#
#.........#
.#
#.#########
.# #.# ##
#.# #.# #@#
#)########
#o..รท....#
########'#
#....#
#....#
#....#
#....#
#.o..#


You could see an orc priest.

Vanquished Creatures
  Robin (D:2)
  2 adders (D:3)
  4 gnolls
  2 giant geckos (D:2)
  2 orcs (D:3)
  2 giant cockroaches (D:2)
  15 goblins
  10 hobgoblins
  2 jackals (D:2)
  A quokka (D:2)
  A ball python (D:1)
  6 bats
  A giant newt (D:2)
  5 kobolds
  5 rats
59 creatures vanquished.

Notes
Turn   | Place    | Note
--------------------------------------------------------------
     0 | D:1      | Gorice the Tengu Wanderer began the quest for the Orb.
     0 | D:1      | Gorice set off with: a +2 dagger, a potion of berserk rage, a +0 short sword, a potion of lignification {!q}, a +0 robe, a bread ration {!e}
     0 | D:1      | Reached XP level 1. HP: 12/12 MP: 2/2
    13 | D:1      | HP: 3/12 [rat (1)]
   105 | D:1      | HP: 3/12 [hobgoblin (3)]
   106 | D:1      | Reached skill level 1 in Short Blades
   351 | D:1      | Reached XP level 2. HP: 14/17 MP: 3/3
   382 | D:1      | Reached skill level 2 in Short Blades
   704 | D:1      | Reached XP level 3. HP: 13/21 MP: 4/4
   839 | D:1      | HP: 5/21 [hobgoblin (4)]
   866 | D:1      | Reached skill level 3 in Short Blades
  1333 | D:2      | Noticed Robin
  1347 | D:2      | Reached XP level 4. HP: 12/26 MP: 5/5
  1351 | D:2      | Killed Robin
  1351 | D:2      | Reached skill level 4 in Short Blades
  1517 | D:2      | Found a deep blue altar of Sif Muna.
  1713 | D:2      | Found an ancient bone altar of Kikubaaqudgha.
  1715 | D:2      | Found a bloodstained altar of Trog.
  1717 | D:2      | Found a white marble altar of Elyvilon.
  2122 | D:3      | Gained mutation: You can fly. [Tengu growth]
  2122 | D:3      | Reached XP level 5. HP: 21/30 MP: 6/6
  2300 | D:3      | Reached skill level 5 in Short Blades
  2325 | D:3      | HP: 7/30 [orc/morningstar (10)]
  2328 | D:3      | Killed from afar by an orc priest

Vault maps used:
D:1:      minmay_arrival_pointy, roderic_roman_lattice
D:2:      lemuel_blue_sif_altar, gammafunk_temple_overflow_forgotten,
          kennysheep_decorative_pillar, uniq_robin

Action                   |  1- 3 |  4- 6 || total
-------------------------+-------+-------++-------
Melee: Short sword       |    34 |       ||    34
       Dagger            |    77 |    76 ||   153
 Fire: Hunting sling     |     5 |     8 ||    13
Throw: Stone             |     2 |       ||     2
  Use: Scroll            |     3 |     3 ||     6
       Potion            |       |     2 ||     2
 Stab: Sleeping          |     7 |       ||     7
  Eat: Chunk             |     1 |     4 ||     5

Table legend:
 A = Turns spent in this place as a percentage of turns spent in the entire game.
 B = Non-inter-level travel turns spent in this place as a percentage of non-inter-level travel turns spent in the entire game.
 C = Inter-level travel turns spent in this place as a percentage of turns spent in this place.
 D = Turns resting spent in this place as a percentage of non-inter-level travel turns spent in this place.
 E = Turns spent auto-exploring this place as a percentage of non-inter-level travel turns spent in this place.
 F = Non-inter-level travel turns spent in this place divided by the number of levels of this place that you've seen.
                   A       B       C       D       E      F
               +-------+-------+-------+-------+-------+----------------------
         Total | 100.0 | 100.0 |   0.2 |   1.4 |   5.5 | 300.3
       Dungeon | 100.0 | 100.0 |   0.2 |   1.4 |   5.5 | 300.3
               +-------+-------+-------+-------+-------+----------------------

Vault maps used:
D:1:      minmay_arrival_pointy, roderic_roman_lattice
D:2:      lemuel_blue_sif_altar, gammafunk_temple_overflow_forgotten,
          kennysheep_decorative_pillar, uniq_robin
